 Dungeon Crawl Stone Soup version 0.29.1-1-gd02db6906a (webtiles) character file.

Game seed: 2288192929168086134

811 raph the Changer (level 7, -9/44 HPs)
             Began as an Octopode Transmuter on Oct 13, 2022.
             Was an Initiate of Gozag.
             Mangled by an ice beast (13 damage)
             ... on level 5 of the Dungeon.
             The game lasted 00:08:28 (6365 turns).

raph the Changer (Octopode Transmuter)              Turns: 6365, Time: 00:08:29

Health: -9/44      AC:  5    Str:  9    XL:     7   Next: 93%
Magic:  12/12      EV: 13    Int: 18    God:    Gozag
Gold:   217        SH:  0    Dex: 12    Spells: 2/13 levels left

rFire   . . .      SeeInvis .     - Unarmed
rCold   . . .      Faith    .   (no shield)
rNeg    . . .      Spirit   .   (helmet currently unavailable)
rPois   .          Reflect  .   (no amulet)
rElec   .          Harm     .   d - +4 ring of protection
rCorr   .          Rampage  .   (no ring)
Will    .....                   (no ring)
Stlth   ++........              (no ring)
HPRegen 0.14/turn               (no ring)
MPRegen 0.13/turn               (no ring)
                                (no ring)
                                (no ring)

@: appendages (expiring)
A: tentacle spike 3, almost no armour, amphibious, 8 rings, camouflage 1,
gelatinous body 1, (nimble swimmer 1), tentacles
a: End Transformation, Renounce Religion, Potion Petition, Call Merchant, Bribe
Branch


You were on level 5 of the Dungeon.
You worshipped Gozag.
Gozag was aware of your devotion.
One of your tentacles had grown a beastly spike.
You visited 2 branches of the dungeon, and saw 6 of its levels.

You collected 363 gold pieces.
You paid 146 gold pieces to Gozag.

Inventory:

Missiles
 m - a throwing net
Armour
 b - an orb of light
Jewellery
 d - a +4 ring of protection (left tentacle)
Wands
 o - a wand of roots (4)
Scrolls
 n - a scroll of blinking
 p - a scroll of poison
 q - a scroll of enchant armour {unknown}
 r - a scroll of identify
Potions
 a - 3 potions of lignification
 c - a potion of resistance
 e - 2 potions of haste {unknown}
 f - a potion of flight {unknown}
 g - 3 potions of curing {unknown}


   Skills:
 - Level 1.9 Fighting
 - Level 2.7 Dodging
 - Level 4.9 Unarmed Combat
 + Level 3.8 Spellcasting
 - Level 2.4 Conjurations
 * Level 5.7 Transmutations


You had 2 spell levels left.
You knew the following spells:

 Your Spells              Type           Power      Damage    Failure   Level
a - Beastly Appendage     Tmut           48%        N/A       1%          1
b - Wereblood             Tmut           24%        N/A       2%          2
c - Spider Form           Tmut/Pois      13%        N/A       14%         3
d - Magic Dart            Conj           48%        1d5       5%          1
e - Ice Form              Ice/Tmut       13%        N/A       43%         4

Your spell library contained the following spells:

 Spells                   Type           Power      Damage    Failure   Level
 Searing Ray              Conj           24%        2d5       9%          2
 Blade Hands              Tmut           12%        N/A       36%         5
 Portal Projectile        Hex/Tloc       6%         N/A       41%         3
 Tukima's Dance           Hex            3%         N/A       41%         3
 Fulminant Prism          Conj/Hex       3%         3d6       65%         4


Dungeon Overview and Level Annotations

Branches:
Dungeon (5/15)             Temple (1/1) D:5

Altars:
Ashenzari
Cheibriados
Dithmenos
Elyvilon
Gozag
Hepliaklqana
Nemelex Xobeh
Okawaru
Qazlal
Sif Muna
Uskayaw
Vehumet
Xom
Yredelemnul
Zin
The Shining One

Shops:
D:2 (

Annotations:
D:3 Sigmund
D:4 3 runed translucent doors, Coyote68's ghost, amateur HuFi
D:5 Pikel


Innate Abilities, Weirdness & Mutations

One of your tentacles has grown a beastly spike.
You cannot wear most types of armour.
You are amphibious.
You can wear up to eight rings at the same time.
Your skin changes colour to match your surroundings (Stealth+).
Your rubbery body absorbs attacks. (AC +1, EV +1)
((You are camouflaged when in or above water. (Stealth+)))
You have tentacles for arms and can constrict up to eight enemies at once.


Message History

The air fills with toxic fumes!
As you read the scroll labelled SOUDODE NEKLOC VAE, it crumbles to dust.
It was a scroll of poison.
The ice beast hits you but does no damage.
Really walk into that cloud of poison gas?
Okay, then.
The ice beast barely misses you.
You tentacle-slap the ice beast but do no damage.
You pierce the ice beast.
The ice beast is heavily wounded.
The ice beast hits you. The ice beast freezes you.
* * * LOW HITPOINT WARNING * * *
You tentacle-slap the ice beast.
You pierce the ice beast.
The ice beast is severely wounded.
The ice beast hits you.
* * * LOW HITPOINT WARNING * * *
The ice beast freezes you.
* * * LOW HITPOINT WARNING * * *
You tentacle-slap the ice beast but do no damage.
Your tentacle spike misses the ice beast.
The ice beast is severely wounded.
The ice beast misses you.
Casting: Beastly Appendage (safe; 1% risk of failure)
Confirm with . or Enter, or press ? or * to list all spells.
Okay, then.
You tentacle-slap the ice beast.
You pierce the ice beast, but do no damage.
The ice beast is severely wounded.
The ice beast hits you but does no damage.
You tentacle-slap the ice beast.
You pierce the ice beast, but do no damage.
The ice beast is severely wounded.
The ice beast barely misses you.
You tentacle-slap the ice beast.
You pierce the ice beast.
The ice beast is almost dead.
The ice beast hits you.
* * * LOW HITPOINT WARNING * * *
The ice beast freezes you!
You die...
Your body crumbles into a pile of gold.

..... ......
#☼#☼########...### ##.
§§§§§§§@Y§##..... ...
#§#☼#####K##...###.##.
#.......§§..........
#......K##§.$.......
.>.........☼§......[
........5...☼#######..
###.#.###...$...........
..............5........
......#..#..##.#####..


You could see Pikel and an ice beast.

Vanquished Creatures
  Grinder (D:4)
  Eustachio (D:5)
  A scorpion (D:3)
  A hound (D:4)
  A jelly (D:4)
  2 orc priests (D:5)
  2 iguanas (D:4)
  An orc wizard (D:4)
  Ijyb (D:4)
  3 gnolls (D:4)
  5 adders
  A shadow imp (D:5)
  An ufetubus (D:4)
  2 dart slugs
  9 orcs
  10 ball pythons
  10 endoplasms
  3 giant cockroaches
  6 goblins
  6 hobgoblins
  5 kobolds
  2 quokkas (D:1)
  5 bats
  4 frilled lizards (D:2)
  9 rats
92 creatures vanquished.

Vanquished Creatures (collateral kills)
  A white imp (D:5)
1 creature vanquished.

Grand Total: 93 creatures vanquished

Notes
Turn   | Place    | Note
-------+----------+-------------------------------------------
     0 | D:1      | raph the Octopode Transmuter began the quest for the Orb.
     0 | D:1      | Reached XP level 1. HP: 13/13 MP: 3/3
   399 | D:1      | Reached XP level 2. HP: 16/18 MP: 5/5
  1051 | D:1      | Learned a level 2 spell: Wereblood
  1384 | D:1      | Reached XP level 3. HP: 23/23 MP: 4/6
  1388 | D:1      | Learned a level 3 spell: Spider Form
  1637 | D:2      | Found a faded altar of an unknown god.
  2325 | D:2      | Reached XP level 4. HP: 16/28 MP: 5/7
  2690 | D:2      | Found Muurhuco's Weapon Emporium.
  2737 | D:2      | Found a shimmering altar of Xom.
  3224 | D:3      | Noticed Sigmund
  3285 | D:3      | Noticed a scorpion
  3293 | D:3      | Killed a scorpion
  3294 | D:3      | Reached skill level 3 in Transmutations
  3294 | D:3      | Reached XP level 5. HP: 26/34 MP: 6/8
  3882 | D:3      | Learned a level 1 spell: Magic Dart
  4240 | D:4      | Noticed Grinder
  4250 | D:4      | Killed Grinder
  4251 | D:4      | Reached skill level 1 in Conjurations
  4251 | D:4      | Reached skill level 4 in Transmutations
  4251 | D:4      | Reached XP level 6. HP: 39/39 MP: 4/10
  4391 | D:4      | Reached XP level 7. HP: 44/44 MP: 11/11
  4396 | D:4      | Learned a level 4 spell: Ice Form
  4527 | D:4      | Noticed Ijyb
  4542 | D:4      | Killed Ijyb
  4854 | D:4      | Found a glowing golden altar of the Shining One.
  5016 | D:4      | Found a runed translucent gate.
  5016 | D:4      | Found a runed translucent gate.
  5017 | D:4      | Found a runed translucent gate.
  5017 | D:4      | Found an opulent altar of Gozag.
  5018 | D:4      | Noticed Coyote68's ghost (amateur HuFi)
  5694 | D:5      | Entered Level 5 of the Dungeon
  5694 | D:5      | Found a staircase to the Ecumenical Temple.
  5708 | D:5      | Reached skill level 5 in Transmutations
  5955 | D:5      | Noticed Eustachio
  5989 | D:5      | Killed Eustachio
  6009 | Temple   | Entered the Ecumenical Temple
  6250 | Temple   | Became a worshipper of Gozag Ym Sagoz the Greedy
  6342 | D:5      | Noticed Pikel
  6365 | D:5      | Mangled by an ice beast

Illustrated notes

Levels and vault maps discovered:
D:1:      dpeg_arrival_simpleton_a, layout_basic
D:2:      minmay_inner_zag, layout_loops_cross, basic_altar, serial_shops,
          nicolae_lakefront_shop, shapermc_ecumenical_altar_starsandcircs,
          minmay_tromino_v4_b
D:3:      layout_loops_corners, solitary_fountain, uniq_sigmund
D:4:      layout_basic, amcnicky_altar_gilded, ebering_ghost_gozag,
          uniq_grinder, uniq_ijyb
D:5:      layout_basic, tgw_kikubaaqudgha,
          minmay_temple_entry_statues_fountains, uniq_pikel, uniq_duvessa,
          uniq_eustachio
Temple:   nicolae_temple_bog_church

Skill      XL: |  1  2  3  4  5  6  7 |
---------------+----------------------+-----
Unarmed Combat | 4 |  4.9
Transmutations | 3 4 5 |  5.7
Conjurations   | 1 2 |  2.4
Spellcasting   | 3 |  3.8
Fighting       | |  1.9
Dodging        | |  2.7

Action                   |  1- 3 |  4- 6 |  7- 9 || total
-------------------------+-------+-------+-------++-------
Melee: Unarmed           |    75 |    70 |    82 ||   227
       Constrict         |    23 |    17 |    17 ||    57
       Tentacles         |    16 |    17 |    19 ||    52
       Kick              |    11 |    30 |    37 ||    78
       Punch             |     2 |     3 |     5 ||    10
 Cast: Beastly Appendage |    24 |    22 |    14 ||    60
       Wereblood         |     1 |     1 |     3 ||     5
  Use: Scroll            |     2 |     1 |     8 ||    11
 Stab: Sleeping          |     2 |     5 |       ||     7
Armor: Skin              |     9 |    15 |    27 ||    51
Dodge: Dodged            |    46 |    37 |    56 ||   139
